 Dungeon Crawl Stone Soup version 0.28-a0-1002-gf00fe891ef (webtiles) character file.

Game seed: 9785254036624529250

6 miscthings the Charlatan (level 1, -1/9 HPs)
             Began as a Vine Stalker Artificer on Dec 6, 2021.
             Slain by a kobold (2 damage)
             ... on level 1 of the Dungeon.
             The game lasted 00:00:20 (219 turns).

miscthings the Charlatan (Vine Stalker Artificer)    Turns: 219, Time: 00:00:21

Health: -1/9       AC:  3    Str: 14    XL:     1   Next: 90%
Magic:  0/2        EV: 11    Int: 11    God:
Gold:   0          SH:  0    Dex: 14    Spells: 0/0 levels left

rFire   . . .      SeeInvis .   a - +0 club
rCold   . . .      Faith    .   (no shield)
rNeg    . . .      Spirit   +   b - +0 leather armour
rPois   .          Reflect  .   (no helmet)
rElec   .          Harm     .   (no cloak)
rCorr   .          Rampage  .   (no gloves)
Will    .....                   (no boots)
Stlth   +.........              (no amulet)
HPRegen 0.03/turn               (no ring)
MPRegen 0.08/turn               (no ring)

@: no status effects
A: fangs 2, magic shield, antimagic bite, no potion heal 2
a: no special abilities


You were on level 1 of the Dungeon.
You visited 1 branch of the dungeon, and saw 1 of its levels.

Inventory:

Hand Weapons
 a - a +0 club (weapon)
Armour
 b - a +0 leather armour (worn)
Wands
 c - a wand of flame (14) (quivered)
 d - a wand of charming (15)
Scrolls
 f - a scroll of identify {unknown}
Miscellaneous
 e - a piece from Xom's chessboard (15/15)


   Skills:
 + Level 0.9 Fighting
 - Level 1.5 Armour
 - Level 0.7 Dodging
 - Level 1.2 Stealth
 + Level 3.1 Evocations


You couldn't memorise any spells.
You didn't know any spells.
Your spell library was empty.

Dungeon Overview and Level Annotations

Branches:
Dungeon (1/15)

Altars:


Innate Abilities, Weirdness & Mutations

You have extremely sharp teeth.
When hurt, damage is shared between your health and your magic reserves.
Your bite disrupts and absorbs the magic of your enemies.
Potions cannot restore your health.


Message History

The quokka is heavily wounded.
The quokka closely misses you.
You barely miss the quokka. You bite the quokka, but do no damage.
The quokka is heavily wounded.
The quokka bites you but does no damage.
The quokka closely misses you.
You closely miss the quokka. You bite the quokka.
You kill the quokka!
No target in view!
No target in view!
Key pressed, stopping explore.
You see here a +0 short sword.
A kobold comes into view. It is wielding a +0 club.
The kobold shouts!
The kobold moves out of view.
Found a whip.
You hit the kobold but do no damage. The kobold hits you with a +0 club.
You barely miss the kobold. You bite the kobold, but do no damage.
The kobold hits you but does no damage.
You completely miss the kobold. You bite the kobold, but do no damage.
The kobold hits you with a +0 club. x2
* * * LOW HITPOINT WARNING * * *
You closely miss the kobold. You bite the kobold. You drain its power.
You feel invigorated.
The kobold is heavily wounded.
The kobold hits you with a +0 club.
* * * LOW HITPOINT WARNING * * *
You are too injured to fight recklessly!
You hit the kobold but do no damage. You bite the kobold, but do no damage.
The kobold is heavily wounded.
The kobold hits you but does no damage.
You hit the kobold.
The kobold is severely wounded.
The kobold hits you but does no damage.
You are too injured to fight recklessly!
Aiming: Throw Flame
Press: ? - help, Shift-Dir - straight line, f - kobold
Aim: a kobold, wielding a +0 club (severely wounded, 64% to hit)
The puff of flame misses the kobold.
The kobold hits you with a +0 club.
You die...

#.##.###.### .#
#.#......... ..
#.#........#
..###..........#
..+..#.#.###+###
..##.#...## #.#
#.#........# #.#
#########.#..##......
#.#
......K@..#..#.......
#.# #)....##..#..#
#..... #.# #.... #.....#
.....# #.# #... #.##.##
. #.# #.. #.##...
#####.# #. #.######
#.....#### #.######
#.#.....# #......#
#.#.###.#########......#


You could see a kobold.

Vanquished Creatures
  A giant cockroach (D:1)
  A kobold (D:1)
  A quokka (D:1)
  A bat (D:1)
  A frilled lizard (D:1)
  A rat (D:1)
6 creatures vanquished.

Notes
Turn   | Place    | Note
-------+----------+-------------------------------------------
     0 | D:1      | miscthings the Vine Stalker Artificer began the quest for
                  | the Orb.
     0 | D:1      | Reached XP level 1. HP: 9/9 MP: 2/2
     2 | D:1      | Noticed an ogre
     4 | D:1      | Noticed a felid
     4 | D:1      | Noticed a gargoyle
     6 | D:1      | Noticed a dwarf
     8 | D:1      | Noticed a minotaur
     8 | D:1      | Noticed an elf
    10 | D:1      | Noticed a human
    12 | D:1      | Noticed a troll
    12 | D:1      | Noticed a merfolk
    14 | D:1      | Noticed a demonspawn
    16 | D:1      | Noticed a demigod
    16 | D:1      | Noticed a tengu
    18 | D:1      | Noticed a ghoul
    18 | D:1      | Noticed a vampire
    20 | D:1      | Noticed a naga
    20 | D:1      | Noticed a draconian
    22 | D:1      | Noticed a formicid
    24 | D:1      | Noticed a spriggan
    24 | D:1      | Noticed a vine stalker
    26 | D:1      | Noticed an octopode
   123 | D:1      | Reached skill level 3 in Evocations
   219 | D:1      | Slain by a kobold

Illustrated notes

Levels and vault maps discovered:
D:1:      kb_arrival_jail, layout_basic, ebering_ecumenical_altar_hall,
          minmay_misc_feat_tiny, minmay_misc_feat_room

Skill      XL: |  1 |
---------------+----+-----
Evocations     | 3 |  3.1
Fighting       | |  0.9
Armour         | |  1.5
Dodging        | |  0.7
Stealth        | |  1.2

Action                   || total
-------------------------++-------
Melee: Club              ||    29
       Bite              ||    12
Evoke: Wand              ||     1
 Stab: Sleeping          ||     2
Armor: Leather armour    ||    10
Dodge: Dodged            ||    12

Table legend: (Time is in decaauts)
 A = Elapsed time spent in this place.
 B = Non-inter-level travel time spent in this place.
 C = Inter-level travel time spent in this place.
 D = Time resting spent in this place.
 E = Time spent auto-exploring this place.
 F = Levels seen in this place.
 G = Mean time per level.
                   A        B        C        D        E       F      G
               +--------+--------+--------+--------+--------+-----+--------+
         Total |    227 |    227 |      0 |      0 |    162 |   1 |  227.0 |
       Dungeon |    227 |    227 |      0 |      0 |    162 |   1 |  227.0 |
               +--------+--------+--------+--------+--------+-----+--------+

Top non-repeatable levels by time:
     D:1: 227 daAuts
